 Dungeon Crawl Stone Soup version 0.16-a0-3940-gf8a207b (console) character file.

504 Monkaria the Cleaver (level 7, -3/59 HPs)
             Began as a Hill Orc Fighter on Feb 7, 2015.
             Killed from afar by an orc wizard (4 damage)
             ... with a puff of flame
             ... on level 4 of the Dungeon.
             The game lasted 00:05:36 (3821 turns).

Monkaria the Cleaver (Hill Orc Fighter)             Turns: 3821, Time: 00:05:37

Health: -3/59      AC:  6    Str: 26    XL:     7   Next: 17%
Magic:  7/7        EV:  6    Int:  8    God:
Gold:   223        SH:  8    Dex: 10    Spells: 0 memorised, 6 levels left

rFire  + . .     SeeInvis .     a - +0 war axe
rCold  + . .     Clarity  .     b - +0 scale mail
rNeg   . . .     SustAb   .     c - +0 shield
rPois  +         Gourm    .     (no helmet)
rElec  +         Spirit   .     (no cloak)
rCorr  +         Warding  .     (no gloves)
rMut   .         Stasis   .     (no boots)
MR     .....                    (no amulet)
Stlth  ..........               (no ring)
                                v - ring of poison resistance

@: mighty, resistant, very heavily drained, not resistant to hostile
enchantments, extremely unstealthy
A: fangs 1, blurry vision 1, forlorn
a: no special abilities


You were on level 4 of the Dungeon.
You were not hungry.

You visited 1 branch of the dungeon, and saw 4 of its levels.

You collected 223 gold pieces.

Inventory:

Hand weapons
 a - a +0 war axe (weapon)
 h - a +4 falchion of electrocution
Armour
 b - a +0 scale mail (worn)
 c - a +0 shield (worn)
Jewellery
 p - an uncursed ring of teleportation
 v - a ring of poison resistance (left hand)
Scrolls
 g - 6 scrolls of remove curse
 i - a scroll of identify
 k - 2 scrolls of teleportation
Potions
 e - a potion of might
Books
 l - an Akashic Record {highlevel, unknown}

   This book is beyond your current level of understanding.

   Spells                             Type                      Level
   a - Dispersal                      Translocation                6
   b - Controlled Blink               Translocation                7
   c - Malign Gateway                 Summoning/Translocation      7
   d - Disjunction                    Translocation                8
   e - Singularity                    Translocation                9
 w - a book of Minor Magic

   Spells                             Type                      Level
   a - Magic Dart                     Conjuration                  1
   b - Blink                          Translocation                2
   c - Call Imp                       Summoning                    2
   d - Repel Missiles                 Charms/Air                   2
   e - Slow                           Hexes                        2
   f - Conjure Flame                  Conjuration/Fire             3
   g - Mephitic Cloud                 Conjuration/Poison/Air       3
Comestibles
 d - 5 meat rations
 f - a royal jelly
 m - a bread ration
 n - a chunk of flesh
 r - a slice of pizza
 u - a beef jerky


   Skills:
 - Level 4.1(0.0) Fighting
 * Level 9.7(4.9) Axes
 - Level 3.2(0.0) Armour
 - Level 3.2(0.0) Shields


You had 6 spell levels left.
You didn't know any spells.

Dungeon Overview and Level Annotations

Branches:
Dungeon (4/15)
 Temple: D:4-7

Altars:
Kikubaaqudgha

Annotations:
D:4 Elizilla's ghost, experienced FoFi


Innate Abilities, Weirdness & Mutations

You have very sharp teeth.
Scrolls take you a little longer to read.
You have difficulty communicating with the divine.


Message History

The orc wizard points at you and mumbles some strange words.
You resist with some effort.
You're too confused to move!
The orc wizard hits you with a dagger of draining.
* * * LOW HITPOINT WARNING * * *
You feel drained.
Drink which item? (? for menu, Esc to quit)
Okay, then.
You're too confused!
You closely miss the orc wizard. Your bite misses the orc wizard.
The orc wizard is lightly wounded.
You feel less confused. You block the orc wizard's attack.
You closely miss the orc wizard.
The orc wizard is lightly wounded.
The orc wizard hits you but does no damage.
You feel drained.
The orc wizard gestures at you while chanting.
The puff of flame hits you! You resist.
You die...

.# #.#(W..# #S# ##
####.#.# #.# #.###
#.# #...# #.# #.#.#
#.# # #...# #.# '###
##..# #.# .....
######
#).#####.###.......
.....#
###...)@.....'....!..
.....#
#.....))o..###.......
.....# #..........#
..... .....#
#..........# ....
.....# #..........#
... .....#
#..........# . .....#
#####..###.# ######
##.# #.# #.# #.#


You could see an orc wizard.

Vanquished Creatures
  A gnoll sergeant (D:2)
  A hound (D:4)
  3 orc priests
  3 orc wizards (D:3)
  2 worker ants (D:4)
  2 iguanas (D:4)
  Ijyb (D:2)
  3 gnolls
  4 worms
  An adder skeleton (D:4)
  2 giant geckos (D:3)
  8 orcs
  A bat skeleton (D:4)
  A bat zombie (D:3)
  A giant cockroach (D:3)
  9 hobgoblins
  5 jackals
  7 kobolds
  A quokka (D:3)
  4 bats
  2 giant newts
  3 goblins
  5 rats
  A rat zombie (D:3)
71 creatures vanquished.

Notes
Turn   | Place    | Note
--------------------------------------------------------------
     0 | D:1      | Monkaria, the Hill Orc Fighter, began the quest for the Orb.
     0 | D:1      | Reached XP level 1. HP: 19/19 MP: 1/1
   795 | D:2      | Reached XP level 2. HP: 25/27 MP: 2/2
   884 | D:2      | Noticed Ijyb
   891 | D:2      | Killed Ijyb
   891 | D:2      | Reached skill level 4 in Fighting
   891 | D:2      | Reached XP level 3. HP: 33/33 MP: 3/3
  1397 | D:3      | Reached skill level 5 in Axes
  1397 | D:3      | Reached XP level 4. HP: 32/40 MP: 4/4
  1473 | D:3      | Gained mutation: You have very sharp teeth. [potion of mutation]
  1473 | D:3      | Gained mutation: You have difficulty communicating with the divine. [potion of mutation]
  1473 | D:3      | Gained mutation: Scrolls take you a little longer to read. [potion of mutation]
  1478 | D:3      | HP: 2/40 [orc wizard/magic dart (1)]
  1484 | D:3      | Reached skill level 6 in Axes
  1484 | D:3      | Reached XP level 5. HP: 2/46 MP: 5/5
  1927 | D:3      | Noticed a gnoll sergeant
  1928 | D:3      | Reached skill level 7 in Axes
  2448 | D:2      | Killed a gnoll sergeant
  2448 | D:2      | Reached XP level 6. HP: 23/52 MP: 6/6
  2625 | D:2      | Reached skill level 8 in Axes
  2778 | D:4      | Noticed Elizilla's ghost (experienced FoFi)
  2940 | D:3      | Found an ancient bone altar of Kikubaaqudgha.
  3018 | D:3      | HP: 2/52 [poisoned by Elizilla's ghost]
  3026 | D:3      | HP: 1/52 [poisoned by Elizilla's ghost]
  3578 | D:4      | Reached skill level 9 in Axes
  3734 | D:4      | Reached XP level 7. HP: 37/59 MP: 7/7
  3816 | D:4      | HP: 1/59 [orc wizard/puff of flame (5)]
  3821 | D:4      | Killed from afar by an orc wizard

Action                   |  1- 3 |  4- 6 |  7- 9 || total
-------------------------+-------+-------+-------++-------
Melee: War axe           |    81 |   134 |    15 ||   230
  Use: Potion            |       |     7 |     2 ||     9
       Scroll            |       |     9 |       ||     9
  Eat: Chunk             |       |     9 |     1 ||    10
